 Dungeon Crawl Stone Soup version 0.19-a0-1738-gbb2db12 (webtiles) character file.

10518 Geomchi the Grappler (level 11, 0/113 HPs)
             Began as a Troll Monk on Oct 1, 2016.
             Was an Elder of Yredelemnul.
             Slain by a killer bee (3 damage)
             ... on level 3 of the Lair of Beasts.
             The game lasted 00:14:02 (9230 turns).

Geomchi the Grappler (Troll Monk)                   Turns: 9230, Time: 00:14:03

Health: 0/113      AC: 12    Str: 23    XL:     11   Next: 37%
Magic:  10/10      EV: 12    Int:  9    God:    Yredelemnul [****..]
Gold:   620        SH:  0    Dex: 13    Spells: 0 memorised, 10 levels left

rFire  . . .     SeeInvis .       - Unarmed
rCold  . . .     Gourm    +     G - troll hide
rNeg   . . .     Faith    +     (no shield)
rPois  .         Spirit   .     D - +2 hat {Int+3}
rElec  .         Dismiss  .     p - +1 cloak {+Inv}
rCorr  .         Reflect  .     (gloves unavailable)
MR     +....     Harm     .     (boots unavailable)
Stlth  +.........               r - amulet of faith
                                l - +3 ring of protection
                                i - ring of protection from magic

@: very slightly contaminated, hasted, very quick
A: unfitting armour, claws 3, fast metabolism 3, gourmand, regeneration 1,
shaggy fur 1, tough skin 2
a: Recall Undead Slaves, Injury Mirror, Animate Dead, Drain Life, Renounce
Religion, Evoke Invisibility


You were on level 3 of the Lair of Beasts.
You worshipped Yredelemnul.
Yredelemnul was greatly pleased with you.
You were full.

You visited 3 branches of the dungeon, and saw 12 of its levels.
You also visited: Ossuary.

You collected 620 gold pieces.

Inventory:

Armour
 a - a +0 robe
 p - a +1 cloak of invisibility (worn)
 D - a +2 hat of intelligence (worn)
 G - a troll hide (worn)
Jewellery
 i - a ring of protection from magic (left claw)
 l - a +3 ring of protection (right claw)
 r - an amulet of faith (around neck)
 H - an uncursed ring of see invisible
 J - an uncursed ring of stealth {unknown}
Wands
 A - a wand of lightning (0/15)
Scrolls
 c - a scroll of fog {unknown}
 e - 2 scrolls of enchant armour {unknown}
 g - 4 scrolls of fear
 h - 3 scrolls of teleportation
 j - 2 scrolls of amnesia
 m - 3 scrolls of remove curse
 u - a scroll of blinking {unknown}
 x - 2 scrolls of immolation {unknown}
 y - 2 scrolls of noise {unknown}
 C - 4 scrolls of magic mapping {unknown}
 E - a scroll of vulnerability {unknown}
 F - a scroll of acquirement {unknown}
 I - 3 scrolls of identify
Potions
 d - 3 potions of flight
 n - a potion of cure mutation
 s - a potion of resistance
Comestibles
 b - 9 bread rations {@e1}
 k - 4 meat rations {@e2}
 q - 8 fruits
 v - a royal jelly


   Skills:
 + Level 8.9 Fighting
 * Level 4.8 Dodging
 - Level 1.1 Stealth
 + Level 13.9 Unarmed Combat


You had 10 spell levels left.
You didn't know any spells.

Dungeon Overview and Level Annotations

Branches:
Dungeon (8/15)             Temple (1/1) D:7            Lair (3/6) D:8
  Swamp: Lair:2-4    Shoals: Lair:2-4     Snake: Lair:2-4    Spider: Lair:2-4

Altars:
Ashenzari
Cheibriados
Dithmenos
Elyvilon
Fedhas
Gozag
Hepliaklqana
Kikubaaqudgha
Makhleb
Nemelex Xobeh
Okawaru
Qazlal
Ru
Sif Muna
Trog
Uskayaw
Vehumet
Xom
Yredelemnul
Zin
The Shining One

Annotations:
D:5 Pikel
Lair:2 exclusion: oklob plant


Innate Abilities, Weirdness & Mutations

You are too large for most types of armour.
You have claws for hands.
Your metabolism is lightning-fast.
You like to eat raw meat.
Your natural rate of healing is unusually fast.
You are covered in fur. (AC +1)
You have very tough skin. (AC +2)


Message History

You feel better. The killer bee closely misses you.
The killer bee stings you but does no damage. x3
The killer bee stings you!
* * * LOW HITPOINT WARNING * * *
The killer bee closely misses you. The killer bee barely misses you.
The killer bee stings you but does no damage.
Unknown command.
Unknown command.
The killer bee closely misses you. The killer bee stings you.
* * * LOW HITPOINT WARNING * * *
The killer bee barely misses you. The killer bee misses you. x2
The killer bee barely misses you.
The queen bee calls on the killer bee to defend it!
The killer bee goes berserk!
Unknown command.
The killer bee stings you but does no damage.
The killer bee barely misses you. x3; The killer bee closely misses you.
The killer bee stings you.
You die...
Your body rises from the dead as a mindless zombie.

##.............### #P#.
##.............†.# ###..#
#..............†############.#...
###..............##...#.##..#....
#.............................##
##............P##............###
##..P#.........###.......#..####.
#.#.....#.(..####.............###
##.#.........###@y........>.### #
##..#.#########yyy...........# #
#.#...# ..%%..†y............## #
##....# ...%#..............#.####
#.....# .% ##..............###..
#.....# #...?...........##..
##....#### ##............###...
#.#......# ###.........## #...
##.......# ###....F.####...


You could see a queen bee and 4 killer bees.

Vanquished Creatures
  A black mamba (Lair:2)
  A komodo dragon (Lair:1)
  2 spiny frogs (Lair:1)
  A troll (D:8)
  Prince Ribbit (D:6)
  10 blink frogs
  3 hippogriffs
  Sigmund (D:2)
  A yak (Lair:3)
  2 hungry ghosts
  4 water moccasins
  A porcupine (Lair:1)
  A slave (D:5)
  3 orc warriors
  A necrophage (D:6)
  A sky beast (D:5)
  2 ogres (D:7)
  2 centaurs
  3 crocodiles
  7 bullfrogs
  A scorpion (D:7)
  14 killer bees (Lair:3)
  A howler monkey (D:6)
  A vampire bat (Lair:1)
  2 crimson imps (D:7)
  7 hounds
  6 orc priests
  Crazy Yiuf (D:2)
  2 centaur skeletons
  5 orc wizards
  5 iguanas
  6 worker ants
  A big kobold zombie (Ossuary)
  A hound zombie (D:5)
  5 mummies
  6 gnolls
  A howler monkey skeleton (D:4)
  5 adders
  4 river rats (Lair:1)
  A shadow imp (D:8)
  3 oozes
  An adder zombie (D:6)
  3 worms
  A dart slug (D:4)
  2 leopard geckos
  20 orcs
  3 ball pythons
  11 bats
  3 giant cockroaches
  9 goblins
  5 hobgoblins
  12 jackals
  2 quokkas (D:4)
  5 frilled lizards
  2 gnoll zombies (Ossuary)
  3 hobgoblin zombies
  3 kobolds
  An orc zombie (D:7)
  3 quokka skeletons
  6 rats
221 creatures vanquished.

Vanquished Creatures (collateral kills)
  Gastronok (Lair:1)
  4 blink frogs (Lair:1)
  A hippogriff (Lair:1)
  A killer bee (Lair:3)
  3 river rats (Lair:1)
  3 bats (Lair:1)
  A fungus (Lair:1)
14 creatures vanquished.

Vanquished Creatures (others)
  A spiny frog zombie (Lair:1)
  A blink frog skeleton (Lair:1)
  A crimson imp (D:6)
  A mummy (Lair:3)
4 creatures vanquished.

Grand Total: 239 creatures vanquished

Notes
Turn   | Place    | Note
-------+----------+-------------------------------------------
     0 | D:1      | Geomchi the Troll Monk began the quest for the Orb.
     0 | D:1      | Reached XP level 1. HP: 22/22 MP: 0/0
   388 | D:1      | Reached XP level 2. HP: 29/29 MP: 1/1
   969 | D:2      | Reached skill level 4 in Unarmed Combat
   969 | D:2      | Reached XP level 3. HP: 32/36 MP: 2/2
  1309 | D:2      | Reached XP level 4. HP: 37/44 MP: 3/3
  1363 | D:2      | Found a runed door.
  1630 | D:2      | Noticed Crazy Yiuf
  1630 | D:2      | Noticed Sigmund
  1637 | D:2      | Killed Crazy Yiuf
  1643 | D:2      | Killed Sigmund
  1643 | D:2      | Reached skill level 5 in Unarmed Combat
  1643 | D:2      | Reached XP level 5. HP: 32/53 MP: 4/4
  1798 | D:3      | Found a snail-covered altar of Cheibriados.
  1803 | D:3      | Found a glowing silver altar of Zin.
  1834 | D:3      | Reached XP level 6. HP: 61/61 MP: 5/5
  1929 | D:3      | Found a burning altar of Makhleb.
  1929 | D:3      | Noticed a balrug
  2189 | D:3      | Found a white marble altar of Elyvilon.
  2192 | D:3      | Found an ancient bone altar of Kikubaaqudgha.
  2422 | D:4      | Reached skill level 6 in Unarmed Combat
  3321 | D:5      | Entered Level 5 of the Dungeon
  3362 | D:5      | Noticed a slave
  3365 | D:5      | Noticed Pikel
  3365 | D:5      | Noticed a slave
  3367 | D:5      | Noticed a slave
  3464 | D:4      | Reached skill level 7 in Unarmed Combat
  3464 | D:4      | Reached XP level 7. HP: 68/70 MP: 6/6
  3975 | D:6      | Noticed Prince Ribbit
  3996 | D:6      | Killed Prince Ribbit
  3996 | D:6      | Reached skill level 8 in Unarmed Combat
  4147 | D:6      | Reached XP level 8. HP: 76/79 MP: 7/7
  4285 | D:6      | Reached skill level 5 in Fighting
  4524 | D:6      | Found a stormy altar of Qazlal.
  4711 | D:6      | Found an opulent altar of Gozag.
  4731 | D:6      | Reached skill level 9 in Unarmed Combat
  4906 | D:7      | Found a sparkling altar of Nemelex Xobeh.
  5034 | D:7      | Found a staircase to the Ecumenical Temple.
  5046 | Temple   | Entered the Ecumenical Temple
  5133 | Temple   | Became a worshipper of Yredelemnul the Dark
  5133 | Temple   | Reached * piety under Yredelemnul
  5133 | Temple   | Reached ** piety under Yredelemnul
  5223 | D:7      | Reached skill level 10 in Unarmed Combat
  5235 | D:7      | Noticed a hippogriff
  5249 | D:7      | Killed a hippogriff
  5249 | D:7      | Reached XP level 9. HP: 88/89 MP: 8/8
  5251 | D:7      | Found a sand-covered staircase.
  5282 | Ossuary  | Entered an ossuary
  6023 | D:7      | Reached skill level 11 in Unarmed Combat
  6125 | D:8      | Reached *** piety under Yredelemnul
  6243 | D:8      | Found a staircase to the Lair.
  6492 | D:8      | Noticed a troll
  6500 | D:8      | Killed a troll
  6977 | Lair:1   | Entered Level 1 of the Lair of Beasts
  7034 | Lair:1   | Noticed a spiny frog
  7042 | Lair:1   | Killed a spiny frog
  7042 | Lair:1   | Reached skill level 12 in Unarmed Combat
  7042 | Lair:1   | Reached XP level 10. HP: 95/102 MP: 9/9
  7284 | Lair:1   | Noticed a spiny frog
  7295 | Lair:1   | Killed a spiny frog
  7410 | Lair:1   | Noticed Gastronok
  7422 | Lair:1   | Killed Gastronok
  7422 | Lair:1   | Reached skill level 13 in Unarmed Combat
  7521 | Lair:1   | Received a gift from Yredelemnul (a wight)
  8018 | Lair:2   | Noticed a six-headed hydra
  8073 | Lair:2   | Noticed an oklob plant
  8207 | Lair:2   | Reached XP level 11. HP: 98/113 MP: 10/10
  8249 | Lair:3   | Noticed a five-headed hydra
  8578 | Lair:3   | Reached **** piety under Yredelemnul
  9173 | Lair:3   | Received a gift from Yredelemnul (a mummy)
  9227 | Lair:3   | HP: 2/113 [killer bee (13)]
  9230 | Lair:3   | Slain by a killer bee

Vault maps used:
D:1:      minmay_arrival_split_and_join
D:2:      uniq_crazy_yiuf_cottage, uniq_sigmund
D:3:      makhleb_altar_promises_db, gammafunk_temple_overflow_statue,
          grunt_temple_overflow_open
D:4:      serial_glass, glass_columns_a, glass_columns_c, glass_columns_b,
          glass_columns_a, glass_columns_a, glass_columns_a
D:5:      first_bread, serial_shops, nicolae_shop_stone,
          hangedman_decor_diamond_cutter, uniq_pikel
D:6:      grunt_qazlal_clouds, basic_altar, grunt_decor_arrowhead,
          uniq_prince_ribbit1
D:7:      nicolae_ossuary_entry_giza, basic_altar
D:8:      lair_0_dummy
Temple:   nicolae_temple_great_sept
Lair:1:   st_stairs_8, roderic_batcave, lemuel_fruit_fields,
          infiniplex_staircase_pool_2, uniq_gastronok
Lair:2:   minmay_swamp_entry_swarm, dummy_spider_entry, minmay_lair_oklob_bushes
Lair:3:   special_room, kb_xom_exploding_sheep
Ossuary:  ossuary_tomb_3

Skill      XL: |  1  2  3  4  5  6  7  8  9 10 11 |
---------------+----------------------------------+-----
Unarmed Combat | 4 5 7 8 10 12 13 | 13.9
Fighting       | 3 4 5 7 8 |  8.9
Dodging        | 3 4 |  4.8
Stealth        | |  1.1

Action                   |  1- 3 |  4- 6 |  7- 9 | 10-12 || total
-------------------------+-------+-------+-------+-------++-------
Melee: Unarmed           |    77 |   115 |   258 |   195 ||   645
       Punch             |     1 |     7 |    17 |     7 ||    32
Invok: Recall Undead Sla |       |       |       |     1 ||     1
       Animate Dead      |       |       |       |     1 ||     1
       Drain Life        |       |       |       |     1 ||     1
Evoke: Wand              |       |       |       |     1 ||     1
  Use: Potion            |       |       |     3 |     7 ||    10
       Scroll            |       |       |    11 |     2 ||    13
 Stab: Sleeping          |     4 |     4 |     1 |       ||     9
       Distracted        |       |       |       |     1 ||     1
  Eat: Chunk             |    17 |    20 |    38 |    20 ||    95
       Meat ration       |       |       |     1 |       ||     1
       Beef jerky        |       |       |     1 |       ||     1
Armor: Robe              |    32 |    33 |    90 |       ||   155
       Troll hide        |       |       |     8 |   103 ||   111
Dodge: Dodged            |    37 |    41 |   136 |   184 ||   398
